Map: Jungle Depths LE

Players

Ivadios - Winner!

  • Race: Terran Terran
  • League: Bronze
  • Spawn Location: 7:00

Arthas - Winner!

  • Race: Protoss Protoss
  • Spawn Location: 7:00

Duffman - Winner!

  • Race: Terran Terran
  • Spawn Location: 7:00

NovemberTera

  • Race: Terran Terran
  • Spawn Location: 3:00

Zeri

  • Race: Terran Terran
  • League: Silver
  • Spawn Location: 1:00

MOLOKO

  • Race: Protoss Protoss
  • League: Platinum
  • Spawn Location: 1:00

VOD

Have the link to the VOD?

Description

Time

  • Played on: June 5, 2020, 1:17 p.m.
  • Length: 5:41
Show
View Real Time Build Order
Export as new Build Order

Ivadios Terran - Winner!

Build Orders:  

Get SALT Encoding   

  12  0:20  SCV  
  13  0:23  Supply Depot  
  13  0:30  Refinery  
  13  0:32  SCV  
  14  0:54  Engineering Bay  
  14  1:04  SCV  
  15  1:16  SCV  
  16  1:28  SCV  
  16  1:30  Barracks  
  17  1:40  SCV  
  18  1:52  SCV  
  19  1:59  Hi-Sec Auto Tracking  
  19  2:05  Missile Turret  
  19  2:26  Barracks Tech Lab  
  19  3:11  Factory  
  19  3:17  SCV  
  20  3:23  Refinery  
  20  3:29  SCV  
  21  3:41  SCV  
  21  3:45  Neosteel Armor  
  22  3:54  SCV  
  23  4:08  Factory  
  23  4:37  Supply Depot  
  23  4:55  Factory Tech Lab  
  23  4:58  SCV, Cyclone  
  27  5:01  Supply Depot  
  27  5:07  Factory  
  27  5:24  Supply Depot  
Show
View Real Time Build Order
Export as new Build Order

Arthas Protoss - Winner!

Build Orders: Oracle Opening 

Get SALT Encoding   

  12  0:01  Probe  
  13  0:13  Probe  
  14  0:18  Pylon  
  14  0:25  Probe (Chrono Boost)  
  15  0:30  Assimilator  
  15  0:38  Probe (Chrono Boost)  
  16  0:46  Probe (Chrono Boost), Assimilator  
  17  0:52  Probe  
  18  0:59  Gateway  
  18  1:04  Probe (Chrono Boost)  
  19  1:13  Probe (Chrono Boost)  
  20  1:18  Probe (Chrono Boost)  
  21  1:30  Probe  
  21  1:31  Pylon  
  22  1:48  Cybernetics Core  
  22  2:26  Warp Gate (Chrono Boost)  
  22  2:28  Stargate  
  22  2:35  Gateway  
  22  2:37  Gateway  
  22  2:38  Pylon  
  22  2:51  Pylon  
  22  3:09  Oracle (Chrono Boost)  
  25  3:18  Gateway, Pylon  
  25  3:39  Oracle  
  28  3:45  Forge  
  28  4:13  Probe  
  23  4:35  Stalker x3  
  29  5:09  Stalker x4  
  37  5:15  Pylon  
  37  5:21  Photon Cannon  
  34  5:35  Gateway  
Show
View Real Time Build Order
Export as new Build Order

Duffman Terran - Winner!

Build Orders:  

Get SALT Encoding   

  12  0:01  SCV  
  13  0:14  SCV  
  14  0:24  Supply Depot  
  14  0:26  SCV  
  15  0:47  Barracks  
  15  0:50  Supply Depot  
  15  1:00  Barracks  
  15  1:10  Barracks  
  15  1:19  Supply Depot  
  15  1:39  Marine  
  16  1:42  Barracks  
  16  1:48  Marine  
  17  1:57  Marine  
  18  2:05  Marine  
  19  2:15  Marine  
  20  2:23  Marine  
  21  2:34  Marine  
  21  2:36  Orbital Command  
  22  2:40  Marine  
  22  2:41  Marine  
  24  2:50  Marine  
  25  2:52  Marine  
  25  2:58  Marine  
  26  2:59  Marine  
  28  3:08  Marine  
  28  3:10  Marine, Supply Depot  
  30  3:16  Marine  
  30  3:17  Marine  
  32  3:26  Marine  
  33  3:28  Marine  
  33  3:34  Marine x2  
  36  3:44  Marine  
  36  3:46  Marine  
  38  3:51  Marine  
  38  3:52  Marine  
  40  4:01  Marine  
  41  4:04  Marine  
  41  4:09  Marine  
  43  4:10  Marine  
  44  4:19  Marine  
  44  4:21  Marine  
  46  4:27  Marine  
  47  5:12  Marine  
  47  5:13  Marine x2  
  47  5:15  Marine  
Show
View Real Time Build Order
Export as new Build Order

NovemberTera Terran 

Build Orders:  

Get SALT Encoding   

  12  0:02  SCV  
  14  0:14  SCV  
  14  0:23  Supply Depot  
  14  0:26  SCV  
  15  0:30  Refinery  
  15  0:45  SCV  
  15  0:48  Barracks  
  16  0:57  SCV  
  17  1:09  SCV  
  18  1:21  SCV  
  19  1:31  Refinery  
  19  1:33  SCV  
  19  1:37  Factory  
  20  1:45  SCV  
  21  1:53  Barracks Reactor  
  21  1:57  SCV  
  22  2:09  SCV  
  23  2:21  SCV  
  23  2:34  Starport  
  23  2:37  Command Center  
  23  2:50  Barracks Tech Lab  
  23  2:58  Orbital Command  
  23  3:15  Supply Depot  
  23  3:37  Hellion x2  
  23  3:40  Supply Depot  
  27  3:44  SCV  
  28  3:49  Starport Tech Lab  
  28  3:56  SCV  
  28  3:59  Hellion x2  
  33  4:08  SCV  
  34  4:17  Supply Depot  
  34  4:20  SCV, Hellion x2  
  38  4:32  SCV  
  39  4:44  SCV  
  39  5:00  Factory, Orbital Command  
Show
View Real Time Build Order
Export as new Build Order

Zeri Terran 

Build Orders:  

Get SALT Encoding   

  12  0:14  Supply Depot  
  12  0:20  SCV  
  13  0:52  Barracks  
  13  1:07  Barracks  
  13  1:49  Refinery  
  13  2:10  Marine  
  14  2:24  SCV  
  14  2:28  Marine  
  16  2:36  SCV  
  17  2:46  Marine  
  17  2:48  SCV, Refinery  
  19  3:00  SCV  
  19  3:04  Marine  
  21  3:12  SCV  
  22  3:21  Marine  
  23  3:28  Factory  
  23  4:15  Starport  
  23  4:17  Factory Tech Lab  
  23  4:45  Supply Depot  
  22  5:07  Cyclone  
Show
View Real Time Build Order
Export as new Build Order

MOLOKO Protoss 

Build Orders: Oracle Opening 

Get SALT Encoding   

  12  0:02  Probe (Chrono Boost)  
  13  0:13  Probe (Chrono Boost)  
  14  0:17  Pylon  
  14  0:26  Assimilator  
  14  0:29  Probe  
  15  0:43  Gateway  
  15  0:46  Probe  
  16  0:57  Assimilator  
  16  0:58  Probe (Chrono Boost)  
  17  1:11  Probe (Chrono Boost)  
  18  1:19  Probe (Chrono Boost)  
  18  1:25  Probe  
  19  1:31  Cybernetics Core  
  20  1:34  Pylon  
  20  1:37  Probe  
  21  1:49  Probe  
  22  2:08  Stargate  
  22  2:09  Stargate  
  22  2:23  Probe  
  23  2:30  Warp Gate  
  23  2:36  Twilight Council  
  23  2:52  Nexus  
  23  2:56  Probe  
  24  3:01  Oracle  
  27  3:08  Probe, Gateway  
  27  3:12  Pylon  
  28  3:19  Gateway  
  28  3:29  Templar Archives  
  28  3:33  Probe  
  29  3:46  Probe  
  30  3:54  Gateway  
  30  3:58  Probe  
  30  4:00  Gateway  
  31  4:04  Probe  
  31  4:05  Psionic Storm  
  17  4:38  Phoenix  
  15  4:55  Probe (Chrono Boost)  
  16  5:06  Probe (Chrono Boost)  
  17  5:13  Probe (Chrono Boost)  
  18  5:15  High Templar  
  18  5:16  High Templar  
Tags
 
Add a new tag
Caveats
  • Supply blocks, unpowered buildings, or Contaminate may cause inaccurate times.
  • Supply counts are checked every 10 seconds.